 Dungeon Crawl Stone Soup version 0.23.1-37-gaa34b87 (webtiles) character file.

Game seed: 5236702846502168503

1710 Coron the Protected (level 8, -1/111 HPs)
             Began as a Deep Dwarf Gladiator on Mar 23, 2019.
             Was a Believer of Trog.
             Killed by divine providence
             ... invoked by an orc priest
              (10 damage)
             ... on level 6 of the Dungeon.
             The game lasted 00:20:36 (5039 turns).

Coron the Protected (Deep Dwarf Gladiator)          Turns: 5039, Time: 00:20:37

Health: -1/111     AC: 19    Str: 26    XL:     8   Next: 74%
Magic:  4/4        EV: 10    Int:  8    God:    Trog [**....]
Gold:   238        SH:  0    Dex: 14    Spells: 7/7 levels left

rFire    . . .     SeeInvis .   a - +0 war axe
rCold    . . .     Gourm    .   (no shield)
rNeg     . . .     Faith    .   w - +0 chain mail
rPois    .         Spirit   .   c - +0 helmet
rElec    .         Reflect  .   z - +0 cloak
rCorr    .         Harm     .   (no gloves)
MR       +....                  j - +0 pair of boots
Stlth    ..........             (no amulet)
HPRegen  0.00/turn              y - +4 ring of protection (curse)
MPRegen  0.09/turn              (no ring)

@: berserking (expiring), non-regenerating, very quick
A: damage resistance, heal wounds, sense surroundings 1, no regeneration
a: Heal Wounds, Berserk, Trog's Hand, Renounce Religion


You were on level 6 of the Dungeon.
You worshipped Trog.
Trog was pleased with you.
You were hungry.

You visited 1 branch of the dungeon, and saw 6 of its levels.

You collected 238 gold pieces.

Inventory:

Hand Weapons
 a - a +0 war axe (weapon)
 k - a +0 hunting sling
Missiles
 d - 4 throwing nets (quivered)
 h - 116 stones
 o - 6 curare-tipped needles
Armour
 c - a +0 helmet (worn)
 j - a +0 pair of boots (worn)
 w - a +0 chain mail (worn)
 z - a +0 cloak (worn)
Jewellery
 y - a cursed +4 ring of protection (left hand)
Wands
 x - a wand of random effects (19)
 A - a wand of paralysis (10)
 B - a wand of disintegration (17)
Scrolls
 b - a scroll of immolation {unknown}
 e - a scroll of fog {unknown}
 g - 2 scrolls of remove curse
 i - a scroll of blinking
 n - a scroll of magic mapping
 s - a scroll of amnesia
 t - a scroll of enchant weapon {unknown}
Potions
 l - a potion of berserk rage {unknown}
 m - a potion of might
 p - 3 potions of curing
 q - a potion of cancellation {unknown}
 r - 2 potions of haste
 u - 4 potions of heal wounds
 v - a potion of flight {unknown}
Comestibles
 f - 7 rations
 C - a chunk of flesh


   Skills:
 - Level 5.1 Fighting
 + Level 5.9 Axes
 - Level 2.0 Throwing
 + Level 8.9 Armour
 - Level 3.3 Dodging
 + Level 3.3 Evocations


You had 7 spell levels left.
You didn't know any spells.
Your spell library contained the following spells:

 Spells                   Type           Power        Failure   Level  Hunger
 Summon Small Mammal      Summ           #...         91%         1    ##.....
 Call Imp                 Summ           #.......     97%         2    ###....
 Call Canine Familiar     Summ           #.......     100%        3    ####...
 Summon Guardian Golem    Hex/Summ       #.......     100%        3    ####...
 Summon Ice Beast         Ice/Summ       #.......     100%        4    #####..
 Summon Lightning Spire   Summ/Air       #.......     100%        4    #####..


Dungeon Overview and Level Annotations

Branches:
Dungeon (6/15)
 Temple: D:4-7

Altars:
Ashenzari
Gozag
Qazlal
Trog
The Shining One

Shops:
D:5 (


Innate Abilities, Weirdness & Mutations

You are resistant to damage.
You can heal yourself by infusing magical energy.
You passively map a small area around you.
You do not regenerate.


Message History

Trog accepts your kill.
You closely miss the orc warrior.
The orc warrior is moderately wounded.
The orc warrior hits you with a +0 mace!
* * * LOW HITPOINT WARNING * * *
You closely miss the orc warrior.
The orc warrior is moderately wounded.
You closely miss the orc. The orc hits you but does no damage.
The orc warrior hits you but does no damage.
You barely miss the orc warrior.
The orc warrior is moderately wounded.
You slash the orc!
You kill the orc!
Trog accepts your kill.
Items here: )) [ †† a +0 club x2; a +0 chain mail; an orc corpse; a bullfrog corpse You feel a strong urge to attack something.
The orc priest calls down the wrath of Beogh upon you.
Beogh smites you!
You die...

.....#..#.... , .#
.#....#...... ,
..##............
######....#.........## ,
, ..#..#...# *#........#
, .........# #.....).#,
.. .##......##
#(..o.#*##... ...()...(.#
##.#)##.(.(.. ,
..))#....### #@...(#
....#......#####o.#......
.#....###..#......# ...#.
, *
##..#.#......#.##......#
*
....###......#..#........
....###....###.##...#....
......#...## ######+# ###
, ..##.......#* ,, * ,
....##.....#<,⌠ ,


You could see an orc warrior and an orc priest.

Vanquished Creatures
  A water moccasin (D:5)
  A sky beast (D:4)
  2 orc warriors (D:6)
  2 phantoms
  2 ogres (D:5)
  4 bullfrogs
  A howler monkey (D:2)
  2 crimson imps (D:5)
  2 hounds (D:4)
  4 orc priests
  A bullfrog skeleton (D:4)
  A centaur skeleton (D:5)
  An iguana (D:5)
  2 orc wizards
  5 worker ants
  A hound skeleton (D:4)
  An adder (D:4)
  3 gnolls (D:5)
  An ooze (D:1)
  4 worms
  2 leopard geckos (D:2)
  23 orcs
  4 giant cockroaches
  4 goblins
  8 hobgoblins
  6 jackals
  8 kobolds
  3 quokkas
  6 bats
  3 frilled lizards
  A leopard gecko skeleton (D:4)
  15 rats
124 creatures vanquished.

Notes
Turn   | Place    | Note
-------+----------+-------------------------------------------
     0 | D:1      | Coron the Deep Dwarf Gladiator began the quest for the Orb.
     0 | D:1      | Reached XP level 1. HP: 19/19 MP: 1/1
   133 | D:1      | Reached XP level 2. HP: 23/26 MP: 2/2
   334 | D:1      | Reached skill level 1 in Armour
  1122 | D:2      | Noticed a howler monkey
  1132 | D:2      | Killed a howler monkey
  1132 | D:2      | Reached skill level 2 in Armour
  1132 | D:2      | Reached XP level 3. HP: 23/32 MP: 3/3
  1205 | D:2      | Reached XP level 4. HP: 28/39 MP: 4/4
  1236 | D:2      | Found a bloodstained altar of Trog.
  1313 | D:2      | Found a glowing golden altar of the Shining One.
  1478 | D:2      | Found a stormy altar of Qazlal.
  1629 | D:2      | Found a shattered altar of Ashenzari.
  1667 | D:2      | Reached skill level 3 in Armour
  2712 | D:3      | Found an opulent altar of Gozag.
  2962 | D:2      | Became a worshipper of Trog the Wrathful
  3099 | D:3      | Reached skill level 4 in Armour
  3099 | D:3      | Reached XP level 5. HP: 26/45 MP: 4/4
  3155 | D:4      | Reached skill level 5 in Armour
  3162 | D:4      | Reached XP level 6. HP: 22/52 MP: 5/5
  3217 | D:4      | Reached skill level 6 in Armour
  3267 | D:4      | Reached skill level 5 in Axes
  3277 | D:4      | Reached XP level 7. HP: 46/62 MP: 4/4
  3316 | D:4      | Reached * piety under Trog
  3542 | D:5      | Entered Level 5 of the Dungeon
  3564 | D:4      | Reached skill level 7 in Armour
  4012 | D:5      | Reached XP level 8. HP: 44/73 MP: 4/4
  4177 | D:5      | Found Ziuxzal's Weapon Shop.
  4234 | D:5      | Reached skill level 5 in Fighting
  4591 | D:5      | Reached skill level 8 in Armour
  4896 | D:6      | Reached skill level 1 in Evocations
  5030 | D:6      | Reached ** piety under Trog
  5039 | D:6      | Killed from afar by an orc priest

Skill      XL: |  1  2  3  4  5  6  7  8 |
---------------+-------------------------+-----
Fighting       | 2 3 4 5 |  5.1
Throwing       | 2 |  2.0
Armour         | 2 4 5 6 7 8 |  8.9
Axes           | 4 5 |  5.9
Evocations     | 3 |  3.3
Dodging        | |  3.3

Action                   |  1- 3 |  4- 6 |  7- 9 || total
-------------------------+-------+-------+-------++-------
Melee: War axe           |    55 |   156 |   236 ||   447
 Fire: Hunting sling     |    11 |    27 |    29 ||    67
Throw: Throwing net      |       |     1 |       ||     1
Invok: Berserk           |       |       |     6 ||     6
 Abil: Heal Wounds       |       |     4 |     5 ||     9
Evoke: Wand              |       |     1 |     3 ||     4
  Use: Scroll            |       |     6 |     3 ||     9
  Eat: Chunk             |     1 |     7 |     7 ||    15
       Ration            |       |       |     1 ||     1
Armor: Leather armour    |    11 |    31 |       ||    42
       Ring mail         |       |    43 |       ||    43
       Chain mail        |       |       |   170 ||   170
Dodge: Dodged            |    43 |   130 |   111 ||   284
